 Seeded DCSS version 0.30-b1-5-g8e6c1be481 (webtiles) character file.

Game seed: 1 (custom seed)

76 Kazon the Conjurer (level 4, -8/30 HPs)
             Began as a Demonspawn Conjurer on May 4, 2023.
             Shot with an arrow by a centaur (15 damage)
             ... on level 6 of the Dungeon.
             The game lasted 00:09:46 (1382 turns).

Kazon the Conjurer (Demonspawn Conjurer)            Turns: 1382, Time: 00:09:46

Health: -8/30      AC:  3    Str:  9    XL:     4   Next: 12%
Magic:  9/16       EV: 12    Int: 24    God:
Gold:   130        SH:  0    Dex: 12    Spells: 1/7 levels left

rFire   . . .        u - +6 spear "Guvuemar" {flame, rC+ MP+9 Int+5}
rCold   + . .        (no shield)
rNeg    . . .        a - +0 robe
rPois   .            (no helmet)
rElec   .            (no cloak)
rCorr   .            (no gloves)
SInv    .            (no boots)
Will    .....        (no amulet)
Stlth   ++           m - ring of wizardry
HPRegen 0.25/turn    (no ring)
MPRegen 0.15/turn

%: wizardry (x1)
@: no status effects
A: hooves 1, sharp scales 1, demonic magic 1
a: no special abilities


You were on level 6 of the Dungeon.
You visited 1 branch of the dungeon, and saw 4 of its levels.

You collected 130 gold pieces.

Inventory:

Hand Weapons
 e - a +2 dagger of venom
 g - a +4 spear
 u - the +6 spear "Guvuemar" (weapon) {flame, rC+ MP+9 Int+5}
   (You found it on level 6 of the Dungeon)

   Int:       It affects your intelligence (+5).
   rC:        It protects you from cold.
   MP:        It affects your magic capacity (+9).
Missiles
 c - a stone
 k - 5 poisoned darts
 t - 2 boomerangs
Armour
 a - a +0 robe (worn)
Jewellery
 m - a ring of wizardry (left hand)
Scrolls
 d - a scroll of silence {unknown}
 f - a scroll of magic mapping {unknown}
 h - a scroll of vulnerability {unknown}
 l - 6 scrolls of identify {unknown}
 n - a scroll of poison {unknown}
 o - a scroll of blinking {unknown}
 p - a scroll of fear {unknown}
Potions
 b - a potion of magic
 i - 2 potions of degeneration {unknown}
 j - 2 potions of heal wounds {unknown}
 q - a potion of haste
 r - a potion of mutation {unknown}
 s - 2 potions of curing {unknown}


   Skills:
 + Level 0.2 Fighting
 + Level 0.1 Short Blades
 + Level 0.2 Maces & Flails
 + Level 2.4 Dodging
 + Level 1.9 Stealth
 + Level 2.2 Spellcasting
 + Level 5.0 Conjurations


You had one spell level left.
You knew the following spells:

 Your Spells              Type           Power      Damage    Failure   Level
a - Magic Dart            Conj           100%       1d8       1%          1
b - Searing Ray           Conj           52%        2d6       1%          2
c - Vampiric Draining     Necr           2%         2d6       14%         3

Your spell library contained the following spells:

 Spells                   Type           Power      Damage    Failure   Level
 Slow                     Hex            8%         N/A       4%          1
 Dazzling Flash           Conj/Hex       28%        N/A       5%          3
 Confusing Touch          Hex            2%         N/A       14%         3
 Volatile Blastmotes      Fire/Tloc      4%         2d10      14%         3
 Fulminant Prism          Conj/Hex       7%         3d7       16%         4
 Iskenderun's Mystic Bla  Conj/Tloc      14%        2d5       16%         4
 Starburst                Conj/Fire      7%         6d4       92%         6


Dungeon Overview and Level Annotations

Branches:
Dungeon (3/15)

Altars:

Shops:
D:3 [

Annotations:
D:6 Eustachio


Innate Abilities, Weirdness & Mutations

You have large cloven feet.
You are partially covered in razor-sharp scales. (AC +1, Slay +1)
Spells you cast may paralyse adjacent enemies.


Message History

Press: ? - help, Q - select action, (/) - cycle Shift-Dir - straight line, f - Eustachio
Aim: Eustachio, wielding a +0 rapier and wearing a +0 leather armour (100% to hit)
The magic dart hits Eustachio but does no damage.
Malevolent energies surge around you.
Eustachio gestures wildly while chanting.
Eustachio blinks!
The shadow imp shouts, "Get thee gone, thou spongy shard-borne vassal!"
Unknown command.
The centaur shouts!
You puncture Eustachio! You burn Eustachio. Your kick misses Eustachio.
Eustachio is moderately wounded.
Eustachio hits you with a +0 rapier.
You miss Eustachio. You kick Eustachio.
Eustachio is moderately wounded.
Eustachio hits you with a +0 rapier. The shadow imp barely misses you.
You puncture Eustachio! You burn Eustachio. You kick Eustachio.
Eustachio is severely wounded.
Eustachio hits you with a +0 rapier. The shadow imp barely misses you.
You puncture Eustachio! You burn Eustachio. You kick Eustachio.
Eustachio is almost dead.
Eustachio hits you with a +0 rapier! The shadow imp closely misses you.
You hit Eustachio. You burn Eustachio. Your kick misses Eustachio.
Eustachio is almost dead.
Eustachio gestures wildly while chanting.
Eustachio blinks!
The shadow imp spits at you. The shadow imp hits you.
* * * LOW HITPOINT WARNING * * *
The bat attacks as you move away! The bat closely misses you.
The shadow imp attacks as you move away!
The shadow imp hits you.
* * * LOW HITPOINT WARNING * * *
The bat hits you but does no damage. The bat barely misses you.
The centaur drinks a potion.
The centaur seems to grow stronger.
Eustachio mumbles some strange words.
The centaur wields a +0 shortbow.
The centaur shoots an arrow.
The arrow hits you!
Ouch! That really hurt!
You die...

#### ...# ##.#
##### ##.# #...#
...#######.#.#####
^..c.......@5c..@+
#######...r###b###
#.............#
#.####.######## #
#.....######
#.##.......#
#..........#
#####......#
#......#


You could see Eustachio, a centaur (strong), a shadow imp (summoned), a quokka
(summoned) and a bat (summoned).

Vanquished Creatures
  3 adders (D:2)
  A dart slug (D:1)
  An orc (D:3)
  3 endoplasms (D:1)
  2 giant cockroaches
  5 goblins
  6 hobgoblins
  3 quokkas
  4 ball pythons
  3 bats (D:1)
  2 frilled lizards (D:1)
  4 kobolds
  6 rats
43 creatures vanquished.

Vanquished Creatures (others)
  4 plants (D:3)
4 creatures vanquished.

Grand Total: 47 creatures vanquished

Notes
Turn   | Place    | Note
-------+----------+-------------------------------------------
     0 | D:1      | Kazon the Demonspawn Conjurer began the quest for the Orb.
     0 | D:1      | Reached XP level 1. HP: 13/13 MP: 3/3
    90 | D:1      | Found a faded altar of an unknown god.
   207 | D:1      | Gained mutation: You have large cloven feet. [demonic
                  | ancestry]
   207 | D:1      | Reached XP level 2. HP: 17/19 MP: 1/5
   311 | D:1      | Learned a level 2 spell: Searing Ray
   747 | D:2      | Gained mutation: Spells you cast may paralyse adjacent
                  | enemies. [demonic ancestry]
   747 | D:2      | Reached XP level 3. HP: 24/24 MP: 4/6
  1022 | D:2      | Gained mutation: You are partially covered in razor-sharp
                  | scales. (AC +1, Slay +1) [demonic ancestry]
  1022 | D:2      | Reached XP level 4. HP: 21/30 MP: 7/7
  1271 | D:3      | Reached skill level 5 in Conjurations
  1302 | D:3      | Learned a level 3 spell: Vampiric Draining
  1324 | D:3      | Found Pazuischa's Antique Armour Shoppe.
  1328 | D:3      | You fall into a shaft and drop 3 floors!
  1358 | D:6      | Identified the +6 spear "Guvuemar" {flame, rC+ MP+9 Int+5}
  1368 | D:6      | Noticed Eustachio
  1368 | D:6      | Noticed a centaur
  1382 | D:6      | Shot with an arrow by a centaur

Illustrated notes

Levels and vault maps discovered:
D:1:      dpeg_arrival_snail, layout_loops_ring, nicolae_ecumenical_lake_church,
          amethyst_killhole
D:2:      layout_rooms, st_stairs_9
D:3:      layout_rooms, serial_shops, shop, serial_bayou_pond_c,
          kennysheep_generic_room_14
D:6:      layout_basic, st_stairs_10, uniq_eustachio, uniq_grinder

Skill      XL: |  1  2  3  4 |
---------------+-------------+-----
Dodging        | 2 |  2.4
Conjurations   | 5 |  5.0
Fighting       | |  0.2
Short Blades   | |  0.1
Maces & Flails | |  0.2
Stealth        | |  1.9
Spellcasting   | |  2.2

Action                     |  1- 3 |  4- 6 || total
---------------------------+-------+-------++-------
  Melee: Club              |     9 |       ||     9
         Dagger            |    61 |     6 ||    67
         Kick              |    13 |     3 ||    16
         Spear             |       |     5 ||     5
         Punch             |       |     1 ||     1
  Throw: Stone             |    17 |       ||    17
   Cast: Magic Dart        |    26 |     3 ||    29
         Searing Ray       |     1 |       ||     1
    Use: Potion            |     2 |       ||     2
   Stab: Sleeping          |     1 |     2 ||     3
         Paralysed         |     1 |       ||     1
 Armour: Robe              |     9 |     1 ||    10
  Dodge: Dodged            |    38 |     7 ||    45
